 Dungeon Crawl Stone Soup version 0.20.1-1-g8b1a95d (webtiles) character file.

11690 Monsterracer the Cleaver (level 11, -1/86 HPs)
             Began as a Demonspawn Gladiator on Aug 5, 2017.
             Was a Follower of Uskayaw.
             Slain by a thrashing horror (19 damage)
             ... on level 2 of the Abyss.
             The game lasted 00:26:09 (11021 turns).

Monsterracer the Cleaver (Demonspawn Gladiator)    Turns: 11021, Time: 00:26:09

Health: -1/86      AC: 21    Str: 17    XL:     11   Next: 52%
Magic:  15/18      EV:  7    Int: 13    God:    Uskayaw [*.....]
Gold:   462        SH:  0    Dex: 19    Spells: 8/10 levels left

rFire    . . .     SeeInvis .   a - +1 war axe
rCold    + + +     Gourm    +   (no shield)
rNeg     . . .     Faith    .   c - +0 plate armour
rPois    +         Spirit   .   e - +2 helmet
rElec    .         Reflect  .   m - scarf {repulsion}
rCorr    +         Harm     .   (no gloves)
MR       .....                  q - +2 pair of boots
Stlth    ..........             C - amulet of Greed {Gourm rC+++ Str-2 Int+4 Dex+2}
Regen    0.3/turn               l - ring of resist corrosion
MPRegen  0.2/turn               u - ring of the Townfolk {Dex+3 Stlth+}

@: repel missiles
A: talons 2, slimy green scales 1, blink, demonic guardian 1, nightstalker 1,
sense surroundings 1, poison resistance
a: Blink, Stomp, Renounce Religion


You were on level 2 of the Abyss.
You worshipped Uskayaw.
Uskayaw was aware of your devotion.
You were not hungry.

You visited 2 branches of the dungeon, and saw 11 of its levels.
You visited the Abyss 1 time.

You collected 674 gold pieces.
You spent 212 gold pieces at shops.

Inventory:

Hand Weapons
 a - a +1 war axe (weapon)
Missiles
 d - 4 throwing nets (quivered)
Armour
 c - a +0 plate armour (worn)
 e - a +2 helmet (worn)
 m - a scarf of repulsion (worn)
 q - a +2 pair of boots (worn)
Jewellery
 l - a ring of resist corrosion (left hand)
 u - the ring of the Townfolk (right hand) {Dex+3 Stlth+}
   (You found it on level 5 of the Dungeon)

   [ring of stealth]

   It affects your dexterity (+3).
   It makes you more stealthy.
 A - an uncursed ring of poison resistance
 C - the amulet of Greed (around neck) {Gourm rC+++ Str-2 Int+4 Dex+2}
   (You bought it in a shop on level 8 of the Dungeon)

   [amulet of the gourmand]

   It allows you to eat raw meat even when not hungry.
   It affects your strength (-2).
   It affects your intelligence (+4).
   It affects your dexterity (+2).
   It renders you almost immune to cold.
Wands
 b - a wand of digging (15/24)
 y - a wand of clouds (4/9)
Scrolls
 g - a scroll of blinking
 h - a scroll of identify
 j - a scroll of immolation
 o - 8 scrolls of remove curse
 t - 2 scrolls of fear
 x - a scroll of fog
 z - 2 scrolls of amnesia
 E - a scroll of recharging
Potions
 k - a potion of flight
 r - a potion of agility
 s - a potion of heal wounds
 v - 2 potions of curing
 w - 3 potions of brilliance
 B - 2 potions of might
 D - 2 potions of lignification
 F - a potion of resistance
Comestibles
 f - 12 bread rations
 i - 8 meat rations
 n - 12 fruits
 p - 8 royal jellies


   Skills:
 + Level 8.0 Fighting
 * Level 11.5 Axes
 - Level 1.7 Throwing
 + Level 7.0 Armour
 - Level 2.6 Dodging
 - Level 3.1 Stealth
 + Level 9.8 Invocations


You had 8 spell levels left.
You knew the following spells:

 Your Spells              Type           Power        Failure   Level  Hunger
a - Passwall              Tmut/Erth      #.........   100%        2    ###....


Dungeon Overview and Level Annotations

Branches:
Dungeon (10/15)            Temple (1/1) D:5            Lair (0/6) D:8
    Orc: D:9-12

Altars:
Ashenzari
Cheibriados
Dithmenos
Elyvilon
Fedhas
Gozag
Hepliaklqana
Kikubaaqudgha
Makhleb
Nemelex Xobeh
Okawaru
Qazlal
Ru
Sif Muna
Trog
Uskayaw
Vehumet
Xom
Yredelemnul
Zin
The Shining One

Shops:
D:4 %   D:8 %**(}


Innate Abilities, Weirdness & Mutations

You have razor-sharp toenails.
You are partially covered in slimy green scales. (AC +2)
A weak demonic guardian rushes to your aid.
You are slightly more attuned to the shadows.
You can translocate small distances at will.
You passively map a small area around you.
Your system is resistant to poisons. (rPois)


Message History

The thrashing horror closely misses you.
The thrashing horror tramples you but does no damage. x3
The ynoxinul moves out of view.
Your white imp hits the thrashing horror.
Your white imp freezes the thrashing horror.
The thrashing horror resists.
You slash the thrashing horror!
The thrashing horror is severely damaged.
The thrashing horror churns violently!
The thrashing horror seems to grow stronger.
The thrashing horror tramples you but does no damage.
The thrashing horror tramples you.
* * * LOW HITPOINT WARNING * * *
You stumble backwards!
You can now stomp with the beat.
Huge Dmg: -7%(-6hp) hp: 20%(17hp)
You slash the thrashing horror!
The thrashing horror is almost destroyed.
The thrashing horror tramples you!!
You die...

###.. #...#...#
.....##.##### .
...3.#..... .# #
#.#.#.... #.#
#.#...#..#.#.# ###
#
#.#..@..#.###.#.##.
. ......X##.......#
..##
..#ยง.#.#?5......#
.. #..####..#.# ##
#.... #..
#......#..##. #.
#.. .....#.# ##.. .
..
..##.##.##....####
.. ####.###. #.#..
# ... ##.#.#.#


You could see a thrashing horror and a ynoxinul.

Vanquished Creatures
  3 two-headed ogres
  The ghost of Frank the Slicer, a novice OpMo of Gozag (D:8)
  4 wizards (D:10)
  Pikel (D:7)
  An elephant (D:8)
  Joseph (D:8)
  A centaur skeleton (D:9)
  A troll (D:9)
  A hippogriff (D:8)
  Sigmund (D:3)
  A yak (D:7)
  A hungry ghost (D:9)
  3 hogs (D:7)
  A human (D:7)
  Edmund (D:4)
  2 hell hounds (Abyss:2)
  An orc warrior (D:9)
  3 ogres
  4 sky beasts
  A phantom (D:4)
  An ice beast (D:8)
  A centaur (D:8)
  2 crocodiles (D:8)
  2 big kobolds
  6 bullfrogs
  A wyvern zombie (D:8)
  2 killer bees (D:7)
  A howler monkey (D:8)
  An electric eel (D:8)
  5 crimson imps
  A quasit (D:6)
  5 hounds
  7 orc priests
  2 iguanas
  Ijyb (D:4)
  Natasha (thrice) (D:2 D:3)
  5 orc wizards
  3 worker ants
  A killer bee zombie (D:8)
  A hound skeleton (D:4)
  A howler monkey zombie (D:7)
  A worker ant zombie (D:9)
  Robin (D:2)
  7 gnolls
  10 adders
  3 river rats (D:7)
  3 shadow imps
  3 oozes
  2 adder skeletons (D:8)
  5 worms
  2 dart slugs
  A leopard gecko (D:1)
  15 orcs
  7 bats
  2 giant cockroaches
  20 goblins
  12 hobgoblins
  8 jackals
  A quokka (D:5)
  2 ball pythons
  5 frilled lizards
  17 kobolds
  A leopard gecko skeleton (D:3)
  7 rats
  4 plants
224 creatures vanquished.

Vanquished Creatures (collateral kills)
  Erica (D:8)
  2 wizards
  A deep elf mage (D:9)
  Menkaure (D:7)
  A hell hound (Abyss:2)
  A bullfrog (D:7)
  A killer bee (D:7)
  An orc wizard (D:9)
9 creatures vanquished.

Vanquished Creatures (others)
  An orc wizard (D:7)
  2 orcs (D:7)
  A goblin (D:4)
  A quokka (D:7)
  A quokka skeleton (D:7)
  A plant (D:8)
  4 toadstools (D:1)
11 creatures vanquished.

Grand Total: 244 creatures vanquished

Notes
Turn   | Place    | Note
-------+----------+-------------------------------------------
     0 | D:1      | Monsterracer the Demonspawn Gladiator began the quest for the Orb.
     0 | D:1      | Reached XP level 1. HP: 16/16 MP: 1/1
   109 | D:1      | Reached skill level 3 in Axes
   154 | D:1      | Gained mutation: You have sharp toenails. [demonic ancestry]
   154 | D:1      | Reached XP level 2. HP: 19/22 MP: 2/2
   823 | D:2      | Noticed Natasha
   830 | D:2      | HP: 10/22 [Natasha (7)]
   836 | D:2      | Killed Natasha
   836 | D:2      | Reached skill level 4 in Axes
   836 | D:2      | Gained mutation: You are partially covered in slimy green scales. (AC +2) [demonic ancestry]
   836 | D:2      | Reached XP level 3. HP: 13/27 MP: 3/3
   839 | D:2      | HP: 12/27 [adder (2)]
   844 | D:2      | HP: 8/27 [poisoned by an adder]
   851 | D:2      | HP: 7/27 [poisoned by an adder]
   955 | D:2      | Noticed Robin
  1084 | D:2      | Killed Robin
  1084 | D:2      | Reached XP level 4. HP: 31/33 MP: 4/4
  1142 | D:2      | Found an ancient bone altar of Kikubaaqudgha.
  1387 | D:2      | Reached skill level 5 in Axes
  1522 | D:2      | Reached XP level 5. HP: 38/38 MP: 5/5
  1529 | D:2      | Found a faded altar of an unknown god.
  1614 | D:2      | Became a worshipper of Vehumet
  1614 | D:2      | Reached * piety under Vehumet
  1614 | D:2      | Offered knowledge of Sandblast by Vehumet.
  1615 | D:2      | Fell from the grace of Vehumet
  1843 | D:3      | Noticed Sigmund
  1847 | D:3      | Gained mutation: You can translocate small distances at will. [potion of mutation]
  1847 | D:3      | Gained mutation: You passively map a small area around you. [potion of mutation]
  1847 | D:3      | Gained mutation: Your system is resistant to poisons. (rPois) [potion of mutation]
  1855 | D:3      | HP: 28/57 [Sigmund/scythe of flaming (3)]
  1860 | D:3      | HP: 18/38 [poisoned by an adder]
  1860 | D:3      | HP: 8/38 [Sigmund/scythe of flaming (3)]
  1863 | D:3      | Killed Sigmund
  1863 | D:3      | Reached skill level 6 in Axes
  1863 | D:3      | Reached XP level 6. HP: 9/44 MP: 6/6
  1865 | D:3      | HP: 9/44 [poisoned by an adder]
  1977 | D:3      | HP: 15/44 [divine wrath (10)]
  2187 | D:3      | Noticed Natasha
  2192 | D:3      | Killed Natasha
  2249 | D:3      | Noticed Natasha
  2252 | D:3      | Killed Natasha
  2540 | D:4      | Noticed Ijyb
  2548 | D:4      | Killed Ijyb
  2621 | D:4      | Found Yfewk's Food Boutique.
  2742 | D:4      | Found a stormy altar of Qazlal.
  2863 | D:4      | Noticed Edmund
  2890 | D:4      | HP: 17/44 [Edmund/flail of venom (8)]
  2895 | D:4      | HP: 12/44 [poisoned by Edmund]
  2897 | D:4      | Killed Edmund
  2897 | D:4      | Reached skill level 7 in Axes
  2897 | D:4      | Reached XP level 7. HP: 14/50 MP: 7/7
  3394 | D:5      | Entered Level 5 of the Dungeon
  3398 | D:5      | HP: 23/50 [ogre/giant club (14)]
  3400 | D:5      | Reached skill level 8 in Axes
  3603 | D:5      | Got a scorched bronze ring
  3604 | D:5      | Identified the ring of the Townfolk {Dex+3 Stlth+} (You found it on level 5 of the Dungeon)
  3734 | D:5      | Found a staircase to the Ecumenical Temple.
  3742 | D:5      | HP: 25/50 [orc/trident of venom (1)]
  3742 | D:5      | HP: 11/50 [orc priest/divine providence (14)]
  3744 | D:5      | Reached skill level 1 in Armour
  3744 | D:5      | HP: 4/51 [something/magic dart (6)]
  3749 | D:5      | HP: 20/51 [something (1)]
  3755 | D:5      | HP: 18/51 [poisoned by an orc]
  3763 | D:5      | HP: 18/51 [poisoned by an orc]
  3768 | Temple   | Entered the Ecumenical Temple
  3796 | Temple   | Became a worshipper of Uskayaw the Reveler
  4108 | D:5      | Reached * piety under Uskayaw
  4137 | D:6      | Reached ** piety under Uskayaw
  4138 | D:6      | Reached skill level 1 in Invocations
  4139 | D:6      | Reached *** piety under Uskayaw
  4140 | D:6      | Gained mutation: A weak demonic guardian rushes to your aid. [demonic ancestry]
  4140 | D:6      | Reached XP level 8. HP: 51/57 MP: 7/9
  4140 | D:6      | Reached **** piety under Uskayaw
  4255 | D:6      | Found a stormy altar of Qazlal.
  5023 | D:7      | Found a radiant altar of Vehumet.
  5269 | D:7      | HP: 30/61 [killer bee (1)]
  5274 | D:7      | HP: 28/61 [poisoned by a killer bee]
  5279 | D:7      | HP: 27/61 [poisoned by a killer bee]
  5286 | D:7      | HP: 26/61 [poisoned by a killer bee]
  5294 | D:7      | HP: 26/61 [poisoned by a killer bee]
  5365 | D:7      | HP: 29/61 [divine wrath (11)]
  5566 | D:7      | Noticed Menkaure
  5573 | D:7      | HP: 28/61 [Menkaure (11)]
  5578 | D:7      | Killed Menkaure
  5578 | D:7      | Reached skill level 5 in Invocations
  6178 | D:7      | Reached XP level 9. HP: 56/67 MP: 13/13
  6336 | D:7      | Noticed Pikel
  6351 | D:7      | Killed Pikel
  6351 | D:7      | Reached skill level 5 in Fighting
  6582 | D:7      | Reached skill level 9 in Axes
  6583 | D:7      | Reached ***** piety under Uskayaw
  6774 | D:8      | Found a staircase to the Lair.
  6774 | D:8      | Noticed an elephant
  6785 | D:8      | Killed an elephant
  6785 | D:8      | Reached skill level 5 in Armour
  6862 | D:8      | Noticed Frank's ghost (novice OpMo)
  6876 | D:8      | Killed Frank's ghost
  6876 | D:8      | Gained mutation: You are slightly more attuned to the shadows. [demonic ancestry]
  6876 | D:8      | Reached XP level 10. HP: 52/77 MP: 15/15
  6999 | D:8      | Found Ammiat's Gadget Boutique.
  7139 | D:8      | Found Tuwnu's Assorted Antiques.
  7173 | D:8      | Bought a transparent amethyst amulet for 120 gold pieces
  7173 | D:8      | Bought 2 metallic black potions for 43 gold pieces
  7173 | D:8      | Bought a scroll labeled ULI JUV ZUXT for 24 gold pieces
  7174 | D:8      | Identified the amulet of Greed {Gourm rC+++ Str-2 Int+4 Dex+2} (You bought it in a shop on level 8 of the Dungeon)
  7224 | D:8      | Found Inoisk's Food Shop.
  7427 | D:8      | HP: 34/77 [electric eel/bolt of electricity (8)]
  7689 | D:8      | Was forgiven by Vehumet
  7865 | D:8      | HP: 36/77 [electric eel/bolt of electricity (14)]
  7867 | D:8      | HP: 16/77 [electric eel/bolt of electricity (14)]
  7867 | D:8      | HP: 4/77 [electric eel/bolt of electricity (12)]
  8237 | D:8      | Reached skill level 10 in Axes
  8244 | D:8      | Noticed Joseph
  8252 | D:8      | Reached skill level 1 in Stealth
  8268 | D:8      | Killed Joseph
  8455 | D:8      | Found Tutreug's Assorted Antiques.
  8458 | D:8      | Bought a scroll labeled ETOXUS LAING for 25 gold pieces
  8672 | D:8      | Noticed Erica
  8698 | D:8      | Killed Erica
  8887 | D:8      | Noticed a two-headed ogre
  8894 | D:8      | Killed a two-headed ogre
  9009 | D:8      | Found Jeoteved's Weapon Shop.
  9190 | D:8      | Found a shadowy altar of Dithmenos.
  9194 | D:8      | Found a snail-covered altar of Cheibriados.
  9348 | D:9      | Noticed a two-headed ogre
  9360 | D:9      | Killed a two-headed ogre
  9422 | D:9      | Learned a level 2 spell: Passwall
  9537 | D:9      | Noticed a deep elf mage
  9544 | D:9      | Killed a deep elf mage
  9735 | D:9      | Gained mutation: You have razor-sharp toenails. [demonic ancestry]
  9735 | D:9      | Reached XP level 11. HP: 73/84 MP: 17/17
  9758 | D:9      | Noticed a two-headed ogre
  9762 | D:9      | HP: 40/84 [two-headed ogre/giant spiked club (14)]
  9767 | D:9      | HP: 27/84 [two-headed ogre/giant spiked club (6)]
  9767 | D:9      | HP: 13/84 [two-headed ogre/giant spiked club (14)]
  9775 | D:9      | Killed a two-headed ogre
  9775 | D:9      | Reached skill level 11 in Axes
 10395 | D:9      | Paralysed by fainting for 11 turns
 10510 | D:10     | Entered Level 10 of the Dungeon
 10638 | D:10     | Noticed a wizard
 10641 | D:10     | Noticed a wizard
 10647 | D:10     | Killed a wizard
 10649 | D:10     | Killed a wizard
 10674 | D:10     | Noticed a wizard
 10674 | D:10     | Paralysed by a wizard for 3 turns
 10683 | D:10     | Paralysed by a wizard for 3 turns
 10688 | D:10     | Killed a wizard
 10747 | D:10     | Noticed a wizard
 10772 | D:10     | Killed a wizard
 10849 | D:10     | Noticed a wizard
 10857 | D:10     | Killed a wizard
 10874 | D:10     | Noticed a wizard
 10880 | D:10     | Cast into level 2 of the Abyss (a wizard)
 10890 | Abyss:2  | Noticed a tentacled starspawn
 10934 | Abyss:2  | HP: 39/86 [hell hound/blast of flame (16)]
 10944 | Abyss:2  | Noticed a wizard
 10966 | Abyss:2  | HP: 40/86 [wizard/dagger of venom (5)]
 10970 | Abyss:2  | Paralysed by a wizard for 4 turns
 10975 | Abyss:2  | HP: 39/86 [wizard/dagger of venom (2)]
 10978 | Abyss:2  | Killed a wizard
 10980 | Abyss:2  | HP: 37/86 [poisoned by a wizard]
 10986 | Abyss:2  | HP: 36/86 [poisoned by a wizard]
 10994 | Abyss:2  | HP: 36/86 [poisoned by a wizard]
 11010 | Abyss:2  | Noticed a thrashing horror
 11014 | Abyss:2  | HP: 30/86 [thrashing horror (10)]
 11020 | Abyss:2  | HP: 17/86 [thrashing horror (6)]
 11021 | Abyss:2  | Slain by a thrashing horror

Skill      XL: |  1  2  3  4  5  6  7  8  9 10 11 |
---------------+----------------------------------+-----
Axes           | 3 4 5 6 7 8 9 10 11 | 11.5
Armour         | 1 4 5 6 7 |  7.0
Invocations    | 1 5 7 9 |  9.8
Fighting       | 4 6 7 8 |  8.0
Stealth        | 1 3 |  3.1
Throwing       | |  1.7
Dodging        | |  2.6

Action                   |  1- 3 |  4- 6 |  7- 9 | 10-12 || total
-------------------------+-------+-------+-------+-------++-------
Melee: War axe           |    64 |   141 |   302 |   340 ||   847
       Kick              |     8 |    17 |       |       ||    25
Throw: Throwing net      |       |       |       |     1 ||     1
Invok: Renounce Religion |       |     1 |       |       ||     1
       Stomp             |       |       |     2 |    11 ||    13
       Line Pass         |       |       |       |     5 ||     5
  Use: Potion            |     1 |     4 |     1 |     1 ||     7
       Scroll            |       |     9 |     9 |     5 ||    23
 Stab: Paralysed         |       |       |    11 |    11 ||    22
       Sleeping          |       |       |     1 |       ||     1
       Distracted        |       |       |     2 |     4 ||     6
       Held in net/web   |       |       |       |     2 ||     2
       Confused          |       |       |       |     1 ||     1
  Eat: Chunk             |       |     6 |    14 |    30 ||    50
Armor: Leather armour    |     6 |       |       |       ||     6
       Scale mail        |    28 |    52 |    76 |       ||   156
       Plate armour      |       |       |    99 |   219 ||   318
       Chain mail        |       |       |     1 |       ||     1
       Skin              |       |       |       |     5 ||     5
Dodge: Dodged            |    34 |    78 |   109 |    91 ||   312
       Deflected         |       |       |       |     8 ||     8
Block: Other             |    14 |    35 |    70 |     6 ||   125
       Reflection        |     2 |     1 |       |     1 ||     4
